 Dungeon Crawl Stone Soup version 0.32-a0-328-gd8048dd28f (webtiles) character file.

Game seed: 8704476213892722620

1580 sanka the Toxicologist (level 8, 0/52 HPs)
             Began as a Merfolk Alchemist on Feb 16, 2024.
             Slain by Dowan
             ... wielding a +0 dagger of venom
              (6 damage)
             ... on level 5 of the Dungeon.
             The game lasted 00:06:57 (4788 turns).

sanka the Toxicologist (Merfolk Alchemist)          Turns: 4788, Time: 00:06:58

Health: 0/52       AC:  3    Str:  8    XL:     8   Next: 91%
Magic:  1/14       EV: 12    Int: 17    God:
Gold:   281        SH:  0    Dex: 14    Spells: 6/15 levels left

rFire   + . .        h - staff of alchemy
rCold   . . .        (no shield)
rNeg    . . .        a - +0 robe
rPois   +            n - +0 helmet
rElec   .            (no cloak)
rCorr   .            (no gloves)
SInv    .            (no boots)
Will    .....        (no amulet)
Stlth   ++           (no ring)
HPRegen 0.28/turn    v - ring of protection from fire
MPRegen 0.14/turn

%: no passive effects
@: no status effects
A: (nimble swimmer 2), mertail
a: no special abilities


You were on level 5 of the Dungeon.
You visited 1 branch of the dungeon, and saw 5 of its levels.

You collected 281 gold pieces.


Innate Abilities, Weirdness & Mutations

((You are very nimble when in or above water. (Stealth+, EV+, Speed+++)))
Your lower body shifts to a powerful aquatic tail in water.


   Skills:
 - Level 2.6 Dodging
 - Level 2.1 Stealth
 - Level 4.0 Spellcasting
 - Level 1.0 Conjurations
 - Level 4.0 Fire Magic
 + Level 11.7 Alchemy


You had 6 spell levels left.
You knew the following spells:

 Your Spells              Type           Power      Damage    Failure   Level
x - Sticky Flame          Fire/Alch      45%        2d9       6%          4
z - Sting                 Conj/Alch      100%       1d9       1%          1
X - Olgreb's Toxic Radia  Alch           60%        N/A       1%          4

Your spell library contained the following spells:

 Spells                   Type           Power      Damage    Failure   Level
 Mercury Vapours          Alch/Air       70%        N/A       2%          2
 Mephitic Cloud           Conj/Alch/Air  26%        N/A       9%          3
 Apportation              Tloc           6%         N/A       16%         1
 Necrotise                Necr           12%        1d4       16%         1
 Summon Small Mammal      Summ           12%        N/A       16%         1
 Gell's Gravitas          Tloc           3%         N/A       43%         3
 Teleport Other           Tloc           3%         N/A       43%         3
 Dispersal                Tloc           1%         N/A       100%        6

Inventory:

Hand Weapons
 d - a +0 short sword
 l - a +1 scythe of freezing
 u - a +1 flail of pain
Armour
 a - a +0 robe (worn)
 n - a +0 helmet (worn)
Magical Staves
 h - a staff of alchemy (weapon)
Jewellery
 v - a ring of protection from fire (right hand)
Scrolls
 f - 2 scrolls of immolation {unknown}
 g - 3 scrolls of revelation {unknown}
 j - a scroll of teleportation {unknown}
 m - 2 scrolls of identify {unknown}
 p - a scroll of fear {unknown}
 q - a scroll of torment {unknown}
 s - 2 scrolls of fog {unknown}
 t - a scroll of brand weapon {unknown}
 w - 2 scrolls of noise {unknown}
Potions
 b - 2 potions of magic
 c - a potion of mutation {unknown}
 e - a potion of invisibility {unknown}
 i - a potion of resistance {unknown}
 k - 2 potions of haste {unknown}
 o - a potion of curing {unknown}
 r - 2 potions of heal wounds {unknown}

Dungeon Overview and Level Annotations

Branches:
Dungeon (5/15)
 Temple: D:4-7

Altars:

Shops:
D:2 [   D:5 =

Annotations:
D:5 Dowan

▒▒▒▒▒).....)▒ ......
▒...........▒▒......
▒............▒...S..
▒...................
▒...∩...............
▒...................
▒............)......
▒...........e▒
▒...........m▒
▒............▒
▒▒▒▒▒▒▒▒▒▒▒▒.▒ ....
.▒▒▒▒ .. .. ...


You could see a water moccasin and Dowan (fast, extremely poisoned).


Message History

Duvessa is moderately wounded.
Duvessa looks as sick as possible!
Dowan looks as sick as possible!
The sting hits Duvessa.
Duvessa looks as sick as possible!
Duvessa is heavily wounded.
Duvessa looks as sick as possible!
Your toxic aura wanes.
Duvessa hits you with a +0 short sword of venom!
* * * LOW HITPOINT WARNING * * *
A water moccasin comes into view.
Aiming: Sting (safe; 1% risk of failure)
Press: ? - help, Shift-Dir - straight line, f/p - Duvessa
Aim: Duvessa, wielding a +0 short sword of venom and wearing a +0 ring mail (severely wounded, extremely poisoned, 84% to hit)
The sting hits Duvessa!
Duvessa looks as sick as possible!
Duvessa is almost dead.
The water moccasin hisses angrily.
You kill Duvessa!
Dowan's eyes darken. "You have made a grave mistake."
Dowan seems to find hidden reserves of power!
Dowan barely misses you. Dowan gestures at you while chanting.
The shard of ice hits you!!
* * * LOW HITPOINT WARNING * * *
Unknown command.
Unknown command.
Dowan attacks as he pursues you!
Dowan hits you with a +0 dagger of venom.
You die...

Action                     |  1- 3 |  4- 6 |  7- 9 || total
---------------------------+-------+-------+-------++-------
  Melee: Short sword       |     1 |       |       ||     1
         Staff             |       |     5 |     4 ||     9
   Cast: Sting             |    50 |    40 |    97 ||   187
         Olgreb's Toxic Ra |       |     2 |     8 ||    10
 Armour: Robe              |     4 |    13 |    56 ||    73
  Dodge: Dodged            |     7 |     4 |    44 ||    55

Levels and vault maps discovered:
D:1:      dpeg_arrival_three_same_balls, layout_loops_ring
D:2:      layout_basic, serial_shops, shop, uniq_sigmund
D:3:      layout_loops_ring, dreamdust_wishing_well
D:4:      layout_basic, kennysheep_generic_room_13, uniq_pargi, uniq_edmund,
          uniq_natasha, uniq_blork_the_orc
D:5:      layout_basic, serial_shops, shop, shop, portal_sewer_entry_b,
          grunt_ministairs_9, uniq_duvessa

Notes
Turn   | Place    | Note
-------+----------+-------------------------------------------
     0 | D:1      | sanka the Merfolk Alchemist began the quest for the Orb.
     0 | D:1      | Reached XP level 1. HP: 13/13 MP: 3/3
    69 | D:1      | Reached skill level 1 in Conjurations
   210 | D:1      | Reached XP level 2. HP: 19/19 MP: 0/5
   375 | D:1      | Reached skill level 5 in Alchemy
   557 | D:1      | Reached XP level 3. HP: 24/24 MP: 3/6
  1322 | D:2      | Reached skill level 6 in Alchemy
  1464 | D:2      | Reached XP level 4. HP: 30/30 MP: 1/7
  1476 | D:2      | Noticed Sigmund
  1649 | D:2      | Found Syidashru's Armour Shoppe.
  1682 | D:2      | Killed Sigmund
  1683 | D:2      | Reached skill level 8 in Alchemy
  1683 | D:2      | Reached XP level 5. HP: 21/35 MP: 0/8
  1840 | D:2      | Reached XP level 6. HP: 41/41 MP: 7/9
  2364 | D:3      | Learned a level 4 spell: Olgreb's Toxic Radiance
  2369 | D:3      | Learned a level 4 spell: Sticky Flame
  2772 | D:4      | Noticed Edmund
  2786 | D:4      | Killed Edmund
  2787 | D:4      | Reached skill level 1 in Fire Magic
  2787 | D:4      | Reached skill level 9 in Alchemy
  2798 | D:4      | Noticed a black bear
  2941 | D:4      | Killed a black bear
  2942 | D:4      | Reached XP level 7. HP: 40/46 MP: 3/11
  3158 | D:4      | Reached skill level 3 in Spellcasting
  3187 | D:4      | Noticed Pargi
  3196 | D:4      | Killed Pargi
  3197 | D:4      | Reached skill level 2 in Fire Magic
  3446 | D:4      | Noticed Blork the orc
  3454 | D:4      | Killed Blork the orc
  3668 | D:4      | Reached skill level 10 in Alchemy
  3668 | D:4      | Reached XP level 8. HP: 52/52 MP: 9/13
  3805 | D:4      | Noticed Natasha
  3809 | D:4      | Killed Natasha
  4004 | D:4      | Noticed Natasha
  4014 | D:4      | Killed Natasha
  4015 | D:4      | Reached skill level 4 in Spellcasting
  4292 | D:4      | Reached skill level 3 in Fire Magic
  4543 | D:5      | Entered Level 5 of the Dungeon
  4634 | D:5      | Reached skill level 11 in Alchemy
  4762 | D:5      | Found Vifel's Jewellery Shoppe.
  4770 | D:5      | Reached skill level 4 in Fire Magic
  4780 | D:5      | Noticed Duvessa
  4781 | D:5      | Noticed Dowan
  4787 | D:5      | Killed Duvessa
  4787 | D:5      | HP: 5/52 [Dowan/shard of ice (19)]
  4788 | D:5      | Slain by Dowan

Vanquished Creatures
  Sigmund (D:2)
  Edmund (D:4)
  Duvessa (D:5)
  Pargi (D:4)
  2 black bears
  An ogre (D:4)
  2 centaurs (D:5)
  Blork the orc (D:4)
  A scorpion (D:5)
  A bullfrog (D:4)
  A howler monkey (D:5)
  A bombardier beetle (D:4)
  3 hounds
  A sleepcap (D:4)
  A jelly (D:4)
  An iguana (D:5)
  Natasha (twice) (D:4)
  7 gnolls (D:4)
  3 adders (D:3)
  A dart slug (D:2)
  2 orcs
  5 endoplasms
  3 giant cockroaches
  8 goblins
  8 hobgoblins
  4 jackals (D:2)
  4 quokkas
  4 ball pythons
  3 bats
  4 kobolds
  6 rats
84 creatures vanquished.
